 Dungeon Crawl Stone Soup version 0.32-a0-120-gfac0567ad4 (webtiles) character file.

Game seed: 12345733131081425539

4 zeratav the Trooper (level 1, -1/23 HPs)
             Began as an Oni Warper on Feb 6, 2024.
             Slain by a kobold
             ... wielding a +0 short sword
              (2 damage)
             ... on level 1 of the Dungeon.
             The game lasted 00:00:08 (65 turns).

zeratav the Trooper (Oni Warper)                      Turns: 65, Time: 00:00:08

Health: -1/23      AC:  3    Str: 14    XL:     1   Next: 70%
Magic:  3/3        EV:  9    Int: 14    God:
Gold:   0          SH:  0    Dex:  8    Spells: 4/4 levels left

rFire   . . .        a - +0 mace {mace}
rCold   . . .        (no shield)
rNeg    . . .        b - +0 robe
rPois   .            (helmet restricted)
rElec   .            (no cloak)
rCorr   .            (gloves unavailable)
SInv    .            (boots unavailable)
Will    .....        (no amulet)
Stlth   +            (no ring)
HPRegen 0.23/turn    (no ring)
MPRegen 0.08/turn

%: no passive effects
@: no status effects
A: large, unfitting armour, horns 1, tough skin 1, double potion healing,
drunken brawling
a: no special abilities


You were on level 1 of the Dungeon.
You visited 1 branch of the dungeon, and saw 1 of its levels.


Innate Abilities, Weirdness & Mutations

You are too large for most types of armour.
You have a pair of small horns on your head.
You have tough skin. (AC +1)
You gain doubled healing and magic from potions.
Whenever you drink a healing potion, you attack all around you.


   Skills:
 + Level 3.0 Fighting
 + Level 2.2 Maces & Flails
 - Level 1.0 Throwing
 - Level 2.1 Dodging
 - Level 2.4 Spellcasting
 - Level 2.6 Translocations


You had 4 spell levels left.
You didn't know any spells.
Your spell library contained the following spells:

 Spells                   Type           Power      Damage    Failure   Level
 Blink                    Tloc           18%        N/A       12%         2
 Lesser Beckoning         Tloc           18%        N/A       12%         2
 Teleport Other           Tloc           9%         N/A       22%         3
 Manifold Assault         Tloc           9%         N/A       58%         4
 Vhi's Electric Charge    Tloc/Air       10%        N/A       78%         4

Inventory:

Hand Weapons
 a - a +0 mace (weapon) {mace}
Missiles
 d - 7 darts of dispersal (quivered) {=fthrowing}
Armour
 b - a +0 robe (worn)
Scrolls
 c - a scroll of blinking {!r}
 e - a scroll of identify {unknown}

Dungeon Overview and Level Annotations

Branches:
Dungeon (1/15) Zot: 5930

Altars:

....... ....... .......
...?... .......
##JB..... #hh......
#.####h.r# #....@Kg.#
....###....### .
###......# .#
#........# #.#
.....#......#####.#
#...........†...##.####
.....####...###)......#
.#.#. ###...#.......#
.... ###......)..#


You could see an endoplasm, a quokka, 3 jackals, a giant cockroach, a goblin and
a kobold.


Message History

You take 4 damage, and now have 18/22 hp.
You barely miss the hobgoblin.
The rat squeaks loudly.
The hobgoblin barely misses you.
You barely miss the hobgoblin. The hobgoblin hits you.
The rat bites you but does no damage.
HP[-1]
You take 1 damage, and now have 17/22 hp.
You sock the hobgoblin!
You kill the hobgoblin!
The rat bites you but does no damage.
You closely miss the rat. The rat closely misses you.
The rat barely misses you.
You hit the rat.
You kill the rat!
HP[+1] No target in view!
No target in view!
No target in view!
No target in view!
No target in view!
No target in view!
No target in view!
No target in view!
No target in view!
No target in view!
No target in view!
No target in view!
No target in view!
No target in view!
No target in view!
e - a scroll labelled WAIZXA XOIDOIL HP[+4]
Your hp is fully restored (22).
A quokka comes into view.
A quokka is nearby!
A quokka is nearby!
A jackal comes into view.
The jackal barks!
You hear a bark!
You hear a shout!
A kobold comes into view. It is wielding a +0 short sword.
An endoplasm comes into view.
A jackal comes into view.
You hear a bark!
An endoplasm comes into view.
The jackal barks!
The quokka twitches its whiskers.
A goblin comes into view. It is wielding a +1 dagger of freezing.
The goblin shouts!
A jackal comes into view. x2
The jackal barks!
You hit the jackal but do no damage.
The jackal bites you but does no damage. x3
You hit the jackal.
You kill the jackal!
The jackal bites you. The endoplasm closely misses you.
HP[-3]
You take 3 damage, and now have 19/22 hp.
You hit the endoplasm but do no damage. The jackal bites you.
A giant cockroach comes into view.
The jackal completely misses you. The endoplasm barely misses you.
HP[-1]
You take 1 damage, and now have 18/22 hp.
You hit the endoplasm but do no damage. You headbutt the endoplasm.
The jackal barely misses you.
The endoplasm hits you but does no damage.
The kobold completely misses you. The goblin hits you but does no damage.
The jackal bites you.
HP[-2]
You take 2 damage, and now have 16/22 hp.
You hit the endoplasm.
You kill the endoplasm!
The jackal bites you. The kobold closely misses you.
The goblin barely misses you.
The jackal bites you but does no damage.
The jackal misses you. The goblin hits you but does no damage.
The kobold hits you with a +0 short sword.
Your Fighting skill increases to level 3!
HP[-4]
You now have 23 max hp (+1).
You take 4 damage, and now have 12/23 hp.
You hit the jackal but do no damage.
The jackal bites you but does no damage.
The jackal closely misses you.
The kobold hits you with a +0 short sword.
The goblin hits you with a +1 dagger of freezing.
* * * LOW HITPOINT WARNING * * *
The goblin freezes you.
* * * LOW HITPOINT WARNING * * *
The jackal bites you.
* * * LOW HITPOINT WARNING * * *
The jackal barely misses you.
You are too injured to fight recklessly!
You are too injured to fight recklessly!
HP[-9]
You take 9 damage, and now have 3/23 hp.
MASSIVE DAMAGE!! (PAUSE)
The jackal attacks as it pursues you! The jackal bites you.
* * * LOW HITPOINT WARNING * * *
The kobold attacks as it pursues you!
The kobold hits you with a +0 short sword.
You die...

Skill      XL: |  1 |
---------------+----+-----
Fighting       | 3 |  3.0
Maces & Flails | |  2.2
Throwing       | |  1.0
Dodging        | |  2.1
Spellcasting   | |  2.4
Translocations | |  2.6

Action                     || total
---------------------------++-------
  Melee: Mace              ||    11
         Headbutt          ||     1
 Armour: Robe              ||    22
  Dodge: Dodged            ||    13

Levels and vault maps discovered:
D:1:      saegor_arrival_miasma, layout_rooms, basic_ecumenical_altar

Notes
Turn   | Place    | Note
-------+----------+-------------------------------------------
     0 | D:1      | zeratav the Oni Warper began the quest for the Orb.
     0 | D:1      | Reached XP level 1. HP: 22/22 MP: 3/3
     0 | D:1      | magus.rc [v1.9.6]
    64 | D:1      | Reached skill level 3 in Fighting
    64 | D:1      | HP: 3/23 [jackal (3)]
    65 | D:1      | HP: 1/23 [jackal (2)]
    65 | D:1      | Slain by a kobold

Vanquished Creatures
  An endoplasm (D:1)
  A hobgoblin (D:1)
  A jackal (D:1)
  A rat (D:1)
4 creatures vanquished.

Table legend:
 A = Non-vault XP
 B = Vault XP
 C = Vault XP percentage of total XP
 D = Non-vault monster count
 E = Vault monster count
 F = Vault count percentage of total count
                 A         B        C        D         E       F
            +---------+---------+-------+---------+---------+-------
      Total |       7 |       0 |   0.0 |       4 |       0 |   0.0
            +---------+---------+-------+---------+---------+-------
        D:1 |       7 |       0 |   0.0 |       4 |       0 |   0.0
            +---------+---------+-------+---------+---------+-------

Skill      XL: |  1 |
---------------+----+-----
Fighting       | 3 |  3.0
Maces & Flails | |  2.2
Throwing       | |  1.0
Dodging        | |  2.1
Spellcasting   | |  2.4
Translocations | |  2.6

Action                     || total
---------------------------++-------
  Melee: Mace              ||    11
         Headbutt          ||     1
 Armour: Robe              ||    22
  Dodge: Dodged            ||    13

Illustrated notes

Table legend:
 A = Kills in this place as a percentage of kills in the entire game.
 B = Kills by you in this place as a percentage of kills by you in the entire game.
 C = Kills by friends in this place as a percentage of kills by friends in the entire game.
 D = Other kills in this place as a percentage of other kills in the entire game.
 E = Experience gained in this place as a percentage of experience gained in the entire game.
 F = Experience gained in this place divided by the number of levels of this place that you have seen.
                   A       B       C       D       E      F
               +-------+-------+-------+-------+-------+----------------------
         Total | 100.0 | 100.0 |   N/A |   N/A | 100.0 |   7.0
       Dungeon | 100.0 | 100.0 |   N/A |   N/A | 100.0 |   7.0
               +-------+-------+-------+-------+-------+----------------------

Table legend: (Time is in decaauts)
 A = Elapsed time spent in this place.
 B = Non-inter-level travel time spent in this place.
 C = Inter-level travel time spent in this place.
 D = Time resting spent in this place.
 E = Time spent auto-exploring this place.
 F = Levels seen in this place.
 G = Mean time per level.
                   A        B        C        D        E       F      G
               +--------+--------+--------+--------+--------+-----+--------+
         Total |     68 |     68 |      0 |      0 |     47 |   1 |   68.0 |
       Dungeon |     68 |     68 |      0 |      0 |     47 |   1 |   68.0 |
               +--------+--------+--------+--------+--------+-----+--------+

Top non-repeatable levels by time:
     D:1: 68 daAuts
